[Event "Titled Tuesday Blitz May 24 Early 2022"]
[White "Paravyan, David"]
[Black "Djokic, Mihailo"]
[WhiteFideId "4194985"]
[BlackFideId "976440"]
[WhiteElo "2569"]
[BlackElo "2202"]
[Result "1-0"]
[Round "02"]
[TimeControl "180+1"]
[Date "2022.05.24"]
[WhiteClock "0:00:11"]
[BlackClock "0:00:12"]

1. e4 c5 2. Nf3 d6 3. d4 cxd4 4. Nxd4 Nf6 5. Nc3 g6 6. Be3 Bg7 7. f3 O-O 8. Qd2 Nc6 9. O-O-O Bd7 10. g4 Rc8 11. h4 Ne5 12. h5 Qa5 13. Kb1 Nxf3 14. Nxf3 Rxc3 15. Qxc3 Qxc3 16. bxc3 Bxg4 17. h6 Bh8 18. Bg2 Nxe4 19. Bd4 e5 20. Rhe1 f5 21. Nd2 Bxd1 22. Nxe4 exd4 23. Ng5 Bxc2+ 24. Kxc2 Rc8 25. Bd5+ Kf8 26. Nxh7# 1-0


[Site "https://www.chess.com"]

[Event "Titled Tuesday Blitz May 24 Early 2022"]
[White "Paul, Justin"]
[Black "Durarbayli, Vasif"]
[WhiteFideId "2086581"]
[BlackFideId "13402935"]
[WhiteElo "2034"]
[BlackElo "2528"]
[Result "0-1"]
[Round "02"]
[TimeControl "180+1"]
[Date "2022.05.25"]
[WhiteClock "0:00:12"]
[BlackClock "0:00:38"]

1. Nf3 Nf6 2. b3 e6 3. Bb2 b6 4. g3 Bb7 5. Bg2 Be7 6. O-O O-O 7. d3 d5 8. Nbd2 Nbd7 9. e4 dxe4 10. Ng5 Nc5 11. Ngxe4 Ncxe4 12. Nxe4 Nxe4 13. Bxe4 Bxe4 14. dxe4 Qxd1 15. Rfxd1 Rfd8 16. Kf1 f6 17. Ke2 e5 18. a4 a6 19. Rxd8+ Rxd8 20. Rd1 Bd6 21. Rd3 Kf7 22. Bc1 Ke6 23. Be3 b5 24. Rd5 c6 25. Rd1 bxa4 26. bxa4 Rb8 27. Bd2 Rb2 28. Kd3 Ra2 29. a5 Ra3+ 30. Kc4 Ra4+ 31. Kd3 Rd4+ 32. Ke3 Bb4 33. f3 Bxa5 0-1


[Site "https://www.chess.com"]

[Event "Titled Tuesday Blitz May 24 Early 2022"]
[White "Pein, Jonathan"]
[Black "Papasimakopoulos, Alexandros"]
[WhiteFideId "417092"]
[BlackFideId "4244125"]
[WhiteElo "2140"]
[BlackElo "2340"]
[Result "1-0"]
[Round "02"]
[TimeControl "180+1"]
[Date "2022.05.25"]
[WhiteClock "0:01:24"]
[BlackClock "0:00:07"]

1. e4 e6 2. b3 d5 3. Bb2 Nf6 4. e5 Nfd7 5. f4 c5 6. Qg4 Nc6 7. Nf3 g6 8. Be2 a6 9. O-O b5 10. c4 bxc4 11. bxc4 Nb6 12. cxd5 exd5 13. Qg3 Be6 14. Ng5 Ne7 15. Nc3 Nf5 16. Qf2 h5 17. Kh1 Be7 18. Nxe6 fxe6 19. Bd3 Kf7 20. Nd1 Na4 21. Bc3 h4 22. Qf3 c4 23. Bc2 Nxc3 24. Nxc3 Ng3+ 25. Kg1 Bc5+ 26. Rf2 Nf5 27. h3 Rb8 28. Kh2 Bxf2 29. Qxf2 Qb6 30. Qe2 Qd4 31. Qg4 Rb2 32. Bxf5 gxf5 33. Qg5 Qxd2 34. Qf6+ Ke8 35. Qxe6+ Kd8 36. Qf6+ Kc7 37. Qd6+ Kb7 38. Qd7+ Ka8 39. Qc6+ Ka7 40. Qc7+ Rb7 41. Qc5+ Ka8 42. Nxd5 Rg8 43. Rg1 Qb2 44. Nc7+ Rxc7 45. Qxc7 Qb7 46. Qxc4 Qe4 47. Qxg8+ Ka7 48. Qg7+ Kb6 49. Qh6+ Ka5 50. Qxh4 Ka4 51. Qg3 Ka5 52. Re1 Qb4 53. e6 Qxe1 54. Qxe1+ 1-0


[Site "https://www.chess.com"]

[Event "Titled Tuesday Blitz May 24 Early 2022"]
[White "Perera Alfonso, Rene Humberto"]
[Black "Ibrahimli, Murad"]
[WhiteFideId "3514722"]
[BlackFideId "13410229"]
[WhiteElo "2313"]
[BlackElo "2109"]
[Result "0-1"]
[Round "02"]
[TimeControl "180+1"]
[Date "2022.05.25"]
[WhiteClock "0:00:39"]
[BlackClock "0:00:23"]

1. e4 e5 2. Nf3 Nc6 3. Bb5 a6 4. Ba4 Nf6 5. O-O Be7 6. Re1 b5 7. Bb3 O-O 8. a4 Rb8 9. axb5 axb5 10. Nc3 d6 11. h3 h6 12. d3 Bd7 13. Nd5 Re8 14. c4 bxc4 15. Bxc4 Nxd5 16. exd5 Nb4 17. Bd2 Bf8 18. Bc3 c5 19. Qd2 Qc7 20. Ra3 Bb5 21. Rea1 Bxc4 22. dxc4 e4 23. Nh2 Nd3 24. Ng4 Qe7 25. Ra7 Qg5 26. Qxg5 hxg5 27. Rd7 Red8 28. Rc7 Rdc8 29. Rd7 Rd8 30. Rc7 Nf4 31. Kf1 Ra8 32. Raa7 Rxa7 33. Rxa7 Rb8 34. Ne3 Nd3 35. Nd1 f5 36. Ke2 Nf4+ 37. Kf1 Nd3 38. g3 Re8 39. Ke2 Be7 40. Ne3 g6 41. Rd7 Bf8 42. Nd1 f4 43. g4 Be7 44. Kd2 Bf8 45. f3 Ne5 46. Rb7 Nxf3+ 47. Ke2 Nd4+ 48. Kf1 e3 49. Bxd4 e2+ 50. Ke1 exd1=Q+ 51. Kxd1 cxd4 52. b4 f3 53. Ra7 f2 0-1


[Site "https://www.chess.com"]

[Event "Titled Tuesday Blitz May 24 Early 2022"]
[White "Perez Rodriguez, Jennifer"]
[Black "Butti, Enrique"]
[WhiteFideId "3507831"]
[BlackFideId "3700470"]
[WhiteElo "2170"]
[BlackElo "2080"]
[Result "1/2-1/2"]
[Round "02"]
[TimeControl "180+1"]
[Date "2022.05.25"]
[WhiteClock "0:00:17"]
[BlackClock "0:00:22"]

1. e4 c5 2. c3 e6 3. d4 d5 4. exd5 exd5 5. Nf3 Nc6 6. Be3 c4 7. b3 cxb3 8. axb3 Bd6 9. Bd3 Nge7 10. h3 Bf5 11. O-O O-O 12. b4 a6 13. Qc2 Qd7 14. Bxf5 Nxf5 15. Nbd2 Rfe8 16. Rfe1 Bc7 17. Nf1 f6 18. Qd3 g6 19. b5 axb5 20. Qxb5 Rxa1 21. Rxa1 g5 22. Rb1 h5 23. c4 dxc4 24. Qxc4+ Kh8 25. d5 Ne5 26. Nxe5 Rxe5 27. Rxb7 Re7 28. Rb3 Qd6 29. Qc6 Qe5 30. Qc3 Qxc3 31. Rxc3 Be5 32. Rc8+ Kg7 33. Bc5 Rd7 34. Ne3 Nxe3 35. Bxe3 Rxd5 36. Kf1 g4 37. hxg4 hxg4 38. Ke2 g3 39. fxg3 Bxg3 40. Kf3 Be5 41. Ra8 Rd7 42. Ra7 Rxa7 43. Bxa7 Kg6 44. Ke4 Kg5 45. Bb6 Kg4 46. Bd8 Kg3 47. Kf5 Kxg2 48. Bxf6 1/2-1/2


[Site "https://www.chess.com"]

[Event "Titled Tuesday Blitz May 24 Early 2022"]
[White "Pert, Nicholas"]
[Black "Donchenko, Alexander"]
[WhiteFideId "403989"]
[BlackFideId "24603295"]
[WhiteElo "2536"]
[BlackElo "2572"]
[Result "1/2-1/2"]
[Round "02"]
[TimeControl "180+1"]
[Date "2022.05.24"]
[WhiteClock "0:00:15"]
[BlackClock "0:00:25"]

1. Nf3 Nf6 2. g3 b5 3. Bg2 Bb7 4. Na3 a6 5. O-O e6 6. d3 c5 7. c4 Qb6 8. b3 Be7 9. Bb2 O-O 10. Rb1 d6 11. Nc2 Nbd7 12. Ne3 h6 13. Qc2 Rac8 14. Rfc1 Rfd8 15. a3 Qa7 16. Bc3 Qa8 17. Qb2 d5 18. cxd5 exd5 19. Nf5 Bf8 20. Nxh6+ gxh6 21. Bxf6 Nxf6 22. Qxf6 Bg7 23. Qf5 Re8 24. e3 c4 25. d4 Qb8 26. b4 Qd6 27. Rb2 Ra8 28. Nd2 a5 29. Nb1 Bc6 30. Nc3 axb4 31. axb4 Qe6 32. Qb1 Ra7 33. Ra2 Rea8 34. Rxa7 Rxa7 35. Qb2 Qf5 36. Ra1 Rxa1+ 37. Qxa1 Bf8 38. Qa3 Qd3 39. h4 Kg7 40. Qa6 Qxc3 41. Qxc6 Qe1+ 42. Kh2 Qxf2 43. Qxd5 Qxe3 44. Qxb5 Qxd4 45. Qd5 Qxd5 46. Bxd5 c3 47. Bb3 Bxb4 48. Kg2 f5 49. Kf3 h5 50. Bc2 Kf6 51. Ke3 Bd6 52. Kf3 Be5 53. Bd3 Ke6 54. Bc2 Kf6 55. Bd3 Ke6 56. Bc2 Kf6 1/2-1/2


[Site "https://www.chess.com"]

[Event "Titled Tuesday Blitz May 24 Early 2022"]
[White "Petrova, Irina"]
[Black "Perez Leiva, Jerzy Jesus"]
[WhiteFideId "14124122"]
[BlackFideId "3524337"]
[WhiteElo "1993"]
[BlackElo "2287"]
[Result "0-1"]
[Round "02"]
[TimeControl "180+1"]
[Date "2022.05.25"]
[WhiteClock "0:00:08"]
[BlackClock "0:00:18"]

1. e4 e5 2. Nf3 Nc6 3. Bb5 a6 4. Ba4 Nf6 5. d3 d6 6. Nc3 g6 7. Nd5 Bg7 8. Bg5 h6 9. Nxf6+ Bxf6 10. Bxf6 Qxf6 11. h3 Bd7 12. Qd2 O-O-O 13. Bxc6 Bxc6 14. c4 Qe7 15. b4 f5 16. b5 axb5 17. cxb5 Bxb5 18. Rc1 fxe4 19. dxe4 Rhf8 20. Qa5 Ba6 21. Qc3 Qf7 22. Rc2 Rd7 23. Qe3 Qf4 24. Qa7 Kd8 25. Nd2 Ke7 26. f3 Qg3+ 27. Qf2 Qg5 28. Nf1 Bd3 29. Rd2 Bxe4 30. Ne3 Bc6 31. O-O Rxf3 32. Qe1 Qxe3+ 33. Qxe3 Rxe3 34. Rdf2 Bd5 35. Rf8 Re2 0-1


[Site "https://www.chess.com"]

[Event "Titled Tuesday Blitz May 24 Early 2022"]
[White "Petrovskyi, Vadym"]
[Black "Suleymanli, Suleyman"]
[WhiteFideId "14165210"]
[BlackFideId "13416375"]
[WhiteElo "2400"]
[BlackElo "1598"]
[Result "1-0"]
[Round "02"]
[TimeControl "180+1"]
[Date "2022.05.25"]
[WhiteClock "0:00:05"]
[BlackClock "0:00:13"]

1. e4 e6 2. d4 d5 3. Nc3 Nf6 4. e5 Nfd7 5. f4 c5 6. Nf3 Nc6 7. Be3 Qb6 8. Na4 Qa5+ 9. c3 c4 10. b4 Nxb4 11. cxb4 Bxb4+ 12. Kf2 b5 13. Nc5 Bc3 14. Rb1 Qxa2+ 15. Be2 Nxc5 16. dxc5 b4 17. c6 O-O 18. Bc5 Re8 19. Bxb4 Bxb4 20. Rxb4 Qa5 21. Ra4 Qc5+ 22. Nd4 a5 23. Qd2 f6 24. Rb1 fxe5 25. fxe5 c3 26. Qe3 Ba6 27. Bxa6 Rxa6 28. Rc1 Rf8+ 29. Ke2 Rxc6 30. Qd3 Rcc8 31. Ra2 Rf4 32. Nf3 Re4+ 33. Kf1 a4 34. Rac2 Rc4 35. Rf2 Rf8 36. Rfc2 Rc8 37. Rf2 h6 38. g3 a3 39. Kg2 Rf8 40. Rfc2 Rc8 41. Nh4 Qd4 42. Qxd4 Rxd4 43. Rxc3 Rxc3 44. Rxc3 a2 45. Ra3 Rd2+ 46. Kh3 Kf7 47. Ra7+ Kg8 48. Ng6 Re2 49. Nf4 Rxe5 50. Rxa2 Kf7 51. Ra7+ Kf6 52. Kg4 Rg5+ 53. Kf3 Rf5 54. Ke3 d4+ 55. Ke4 g6 56. Ra6 Re5+ 57. Kxd4 Re1 58. Kd3 Kf5 59. h3 g5 60. Ng2 Rg1 61. Ne3+ Kf6 62. Ng4+ Kg7 63. Rxe6 Rxg3+ 64. Ke4 Rxh3 65. Ne5 Rh4+ 66. Kd5 Rf4 67. Rg6+ Kh7 68. Ra6 h5 69. Ke6 h4 70. Ra7+ Kh6 71. Ra8 Kh5 72. Rh8# 1-0


[Site "https://www.chess.com"]

[Event "Titled Tuesday Blitz May 24 Early 2022"]
[White "Pham, Le Thao Nguyen"]
[Black "Klimkowski, Jan"]
[WhiteFideId "12401226"]
[BlackFideId "21856222"]
[WhiteElo "2271"]
[BlackElo "2197"]
[Result "0-1"]
[Round "02"]
[TimeControl "180+1"]
[Date "2022.05.25"]
[WhiteClock "0:00:02"]
[BlackClock "0:00:05"]

1. d4 Nf6 2. Nf3 g6 3. c4 Bg7 4. Nc3 O-O 5. e4 d6 6. h3 c5 7. d5 b5 8. cxb5 a6 9. bxa6 Nxa6 10. Bc4 Nb4 11. O-O Qb6 12. Bd2 Ba6 13. Bxa6 Qxa6 14. a3 Nd3 15. Qc2 Rfb8 16. Rab1 Nd7 17. Rfd1 c4 18. Be3 Rb3 19. Nd4 Bxd4 20. Bxd4 Rab8 21. Ne2 N7c5 22. f3 Na4 23. Kh2 Naxb2 24. Rd2 Na4 25. Rxb3 Rxb3 26. Nc1 Nxc1 27. Qxc1 c3 28. Rd1 f6 29. Qf4 Qe2 30. Rg1 Qd3 31. Be3 c2 32. Bc1 h5 33. Qh6 g5 34. Qg6+ Kf8 35. h4 Qe2 36. hxg5 Re3 37. gxf6 exf6 38. Qh6+ Kf7 39. Qxe3 Qc4 40. Qh6 Nc3 41. Qxh5+ Ke7 42. Qh7+ Kd8 43. Qg7 Ne2 44. Qxf6+ Kc8 45. Qb2 Qc7 46. g4 Qc5 47. Rg2 Nd4 48. Be3 Kd7 0-1


[Site "https://www.chess.com"]

[Event "Titled Tuesday Blitz May 24 Early 2022"]
[White "Politov, Pavel Y."]
[Black "Tymrakiewicz, Rafal"]
[WhiteFideId "24110515"]
[BlackFideId "1108832"]
[WhiteElo "2090"]
[BlackElo "2205"]
[Result "0-1"]
[Round "02"]
[TimeControl "180+1"]
[Date "2022.05.25"]
[WhiteClock "0:00:02"]
[BlackClock "0:00:08"]

1. e4 Nf6 2. e5 Nd5 3. d4 d6 4. c4 Nb6 5. exd6 cxd6 6. Nc3 g6 7. Nf3 Bg7 8. Be3 O-O 9. Be2 Bg4 10. O-O Nc6 11. b3 d5 12. c5 Nc8 13. h3 Bxf3 14. Bxf3 e6 15. Rb1 N8e7 16. b4 Nf5 17. Ne2 Qf6 18. b5 Ncxd4 19. Nxd4 Nxd4 20. Bxd4 Qxd4 21. Qxd4 Bxd4 22. c6 bxc6 23. bxc6 Bb6 24. Rfc1 Rac8 25. a4 Rb8 26. Be2 Rfc8 27. Ba6 Bxf2+ 28. Kxf2 Rxb1 29. Rxb1 Rxc6 30. Bb7 Rb6 31. Rb5 Kf8 32. Ke3 Ke7 33. Kd4 Kd6 34. Ba8 e5+ 35. Ke3 Rxb5 36. axb5 Kc5 37. Bc6 f5 38. Be8 d4+ 39. Kd2 e4 40. Bf7 g5 41. Bg8 h6 42. Bh7 Kc4 43. Bxf5 e3+ 44. Ke2 Kxb5 45. Kd3 Kc5 46. Bd7 Kd6 47. Ba4 Ke5 0-1


[Site "https://www.chess.com"]

[Event "Titled Tuesday Blitz May 24 Early 2022"]
[White "Polster, Christian"]
[Black "Pesotskiy, Mikhail"]
[WhiteFideId "12965081"]
[BlackFideId "34164453"]
[WhiteElo "2300"]
[BlackElo "2010"]
[Result "0-1"]
[Round "02"]
[TimeControl "180+1"]
[Date "2022.05.25"]
[WhiteClock "0:00:04"]
[BlackClock "0:00:41"]

1. e4 e6 2. d4 d5 3. Nc3 Bb4 4. e5 c5 5. a3 Bxc3+ 6. bxc3 Qa5 7. Bd2 Qa4 8. Qb1 c4 9. f4 Ne7 10. Nf3 Nbc6 11. g3 Bd7 12. Bg2 O-O-O 13. g4 f6 14. Ke2 Rdf8 15. h4 fxe5 16. fxe5 Ng6 17. Qc1 h5 18. Bh3 Nge7 19. Bg5 hxg4 20. Bxg4 Nf5 21. Rg1 Be8 22. Qd2 Bh5 23. Raf1 Bxg4 24. Rxg4 Qxa3 25. Rh1 Qa4 26. h5 Nd8 27. h6 gxh6 28. Bxh6 Qe8 29. Bxf8 Rxh1 30. Bc5 Qh5 31. Qg5 Qxg5 32. Rxg5 b6 33. Ba3 Rh8 34. Rg6 Kd7 35. Ng5 Rh2+ 36. Kf3 Rxc2 37. Bb4 a5 0-1


[Site "https://www.chess.com"]

[Event "Titled Tuesday Blitz May 24 Early 2022"]
[White "Pourkashiyan, Atousa"]
[Black "Proudian, Armen"]
[WhiteFideId "12502014"]
[BlackFideId "2130734"]
[WhiteElo "2247"]
[BlackElo "2380"]
[Result "1-0"]
[Round "02"]
[TimeControl "180+1"]
[Date "2022.05.25"]
[WhiteClock "0:00:21"]
[BlackClock "0:01:41"]

1. e4 e5 2. Nf3 Nc6 3. Bb5 a6 4. Ba4 Nf6 5. O-O Be7 6. Re1 b5 7. Bb3 O-O 8. d3 d6 9. a4 b4 10. Nbd2 Be6 11. Nc4 Qc8 12. Be3 Nd7 13. a5 Rb8 14. c3 Qb7 15. Ba4 Rfd8 16. cxb4 Nxb4 17. Rc1 Nf8 18. d4 Bg4 19. d5 Ng6 20. Rc3 Nh4 21. Rb3 Bxf3 22. gxf3 Qc8 23. Kh1 Qh3 24. Rg1 Qxf3+ 25. Qxf3 Nxf3 26. Rc1 Bg5 27. Bxg5 Nxg5 28. f3 Na2 29. Rg1 Nh3 30. Rg3 Nf4 31. Rxb8 Rxb8 32. b3 Nc1 33. Ne3 g6 34. Ng2 Nxg2 35. Rxg2 Rb4 36. Rc2 Nxb3 37. Bxb3 Rxb3 38. Rxc7 Rxf3 39. Rc6 Re3 40. Rxd6 Rxe4 41. Rxa6 Rd4 42. d6 Rd3 43. Rc6 e4 44. a6 e3 45. Kg2 Ra3 46. d7 Rd3 47. Rc8+ Kg7 48. d8=Q Rxd8 49. Rxd8 f5 50. Kf3 f4 51. Kxf4 e2 52. Re8 e1=Q 53. Rxe1 Kh6 54. a7 g5+ 55. Kf3 Kh5 56. a8=Q g4+ 57. Kg2 h6 58. Qd5+ Kh4 59. Qd8+ Kh5 60. Re5+ Kg6 61. Qd6+ Kh7 62. Re7+ Kh8 63. Qd8# 1-0


[Site "https://www.chess.com"]

[Event "Titled Tuesday Blitz May 24 Early 2022"]
[White "Pranav, V"]
[Black "Prokofiev, Valentyn"]
[WhiteFideId "25060783"]
[BlackFideId "14160161"]
[WhiteElo "2349"]
[BlackElo "2174"]
[Result "1-0"]
[Round "02"]
[TimeControl "180+1"]
[Date "2022.05.24"]
[WhiteClock "0:00:35"]
[BlackClock "0:00:04"]

1. e4 e5 2. Nf3 Nc6 3. Bb5 a6 4. Ba4 Nf6 5. O-O Nxe4 6. d4 Be7 7. d5 Nc5 8. Bb3 e4 9. dxc6 exf3 10. cxd7+ Bxd7 11. Qxf3 Nxb3 12. axb3 Bc6 13. Qg3 O-O 14. Nc3 Bd6 15. Bf4 Bxf4 16. Qxf4 Qf6 17. Qxf6 gxf6 18. Rfe1 Rfe8 19. f3 f5 20. Kf2 Kg7 21. Ne2 Rad8 22. Rad1 Kf6 23. c3 Bd5 24. b4 Bc4 25. Rxd8 Rxd8 26. Nd4 b6 27. b3 Bd5 28. Ra1 Bb7 29. b5 a5 30. Re1 Bd5 31. h4 h5 32. Re2 Ra8 33. Ra2 Rd8 34. Kg3 Be6 35. Kf4 Rd5 36. Re2 Bd7 37. Rf2 Bxb5 38. g4 Bd7 39. gxh5 c5 40. Ne2 Rd2 41. Ke3 Rb2 42. h6 Rxb3 43. Rg2 f4+ 44. Kxf4 Bf5 45. Ng3 Bh7 46. Ne4+ Ke7 47. Rg7 Bxe4 48. fxe4 Kf8 49. Rg3 1-0


[Site "https://www.chess.com"]

[Event "Titled Tuesday Blitz May 24 Early 2022"]
[White "Preotu, Razvan"]
[Black "Przybylski, Wojciech"]
[WhiteFideId "2613280"]
[BlackFideId "1117599"]
[WhiteElo "2407"]
[BlackElo "2133"]
[Result "0-1"]
[Round "02"]
[TimeControl "180+1"]
[Date "2022.05.25"]
[WhiteClock "0:00:02"]
[BlackClock "0:00:08"]

1. e4 e5 2. Nf3 Nc6 3. Bc4 Nf6 4. d3 Be7 5. O-O O-O 6. Re1 d6 7. a4 Be6 8. Bxe6 fxe6 9. a5 a6 10. c3 Qd7 11. Nbd2 Rae8 12. Nf1 Kh8 13. Ng3 Nd8 14. d4 Nf7 15. dxe5 dxe5 16. Qb3 Qc6 17. Bg5 Bc5 18. Be3 Ng4 19. Bxc5 Qxc5 20. Re2 Nd6 21. h3 Nf6 22. Ng5 Qc4 23. Qxc4 Nxc4 24. Nf3 Nd7 25. b3 Nd6 26. Nf1 Rf4 27. N1d2 Nf7 28. g3 Rf6 29. Kg2 Kg8 30. Nc4 Kf8 31. Rd1 Ke7 32. Red2 Nc5 33. Ncxe5 Nxe5 34. Nxe5 Nxe4 35. Rd7+ Kf8 36. Rxc7 Rxf2+ 37. Kg1 Rf5 38. Ng4 h5 39. Nh2 Nxg3 40. Kg2 Ne2 41. Rdd7 Rg5+ 42. Kf2 Nf4 43. Nf3 Nxh3+ 44. Ke3 Rg3 45. Ke2 Kg8 46. Rxb7 Rf8 47. Nd4 Nf4+ 48. Kf2 Rg6 49. Kf3 Nd3+ 50. Ke4 Nc5+ 51. Ke5 Rg5+ 52. Kd6 Rd5+ 53. Ke7 Rxd7+ 54. Rxd7 Nxd7 55. Kxd7 h4 56. Nxe6 h3 57. Kd6 h2 0-1


[Site "https://www.chess.com"]

[Event "Titled Tuesday Blitz May 24 Early 2022"]
[White "Rahman, Adel"]
[Black "Samunenkov, Ihor"]
[WhiteFideId "14204177"]
[BlackFideId "14187086"]
[WhiteElo "2175"]
[BlackElo "2409"]
[Result "0-1"]
[Round "02"]
[TimeControl "180+1"]
[Date "2022.05.25"]
[WhiteClock "0:00:12"]
[BlackClock "0:00:43"]

1. e4 c6 2. d4 d5 3. e5 c5 4. Nf3 cxd4 5. Nxd4 Nc6 6. Nxc6 bxc6 7. Bd3 e6 8. Be3 c5 9. c4 d4 10. Bf4 Bb7 11. O-O Ne7 12. Nd2 Ng6 13. Bg3 Be7 14. Ne4 O-O 15. Qe2 Qd7 16. Rae1 Bc6 17. f4 Bh4 18. Nxc5 Qe7 19. Ne4 Bxg3 20. hxg3 Rab8 21. b3 a5 22. Ng5 a4 23. Qh5 h6 24. Bc2 axb3 25. axb3 d3 26. Bxd3 Rxb3 27. Be4 hxg5 28. Bxc6 Qc5+ 29. Kh2 Qxc6 30. Rh1 Rd8 31. Kg1 Rd2 0-1


[Site "https://www.chess.com"]

[Event "Titled Tuesday Blitz May 24 Early 2022"]
[White "Ramirez Vido, Robert Yorisan"]
[Black "Garv Gaur"]
[WhiteFideId "3513823"]
[BlackFideId "45030839"]
[WhiteElo "2329"]
[BlackElo "1950"]
[Result "1-0"]
[Round "02"]
[TimeControl "180+1"]
[Date "2022.05.25"]
[WhiteClock "0:00:11"]
[BlackClock "0:00:10"]

1. g3 d5 2. Bg2 c5 3. Nf3 Nf6 4. d4 cxd4 5. Nxd4 g6 6. O-O Bg7 7. c4 O-O 8. cxd5 Nxd5 9. e4 Nb4 10. Be3 N8c6 11. Nxc6 Nxc6 12. Nc3 Qxd1 13. Rfxd1 Be6 14. Nd5 Rac8 15. Rac1 Rfd8 16. Rd2 Kf8 17. b3 Ne5 18. Rdc2 b6 19. Rc7 Rxc7 20. Rxc7 Rc8 21. Rxa7 Bxd5 22. exd5 f5 23. Bxb6 Rc1+ 24. Bf1 Nf3+ 25. Kg2 Ne1+ 26. Kh3 g5 27. Be2 Bf6 28. d6 g4+ 29. Bxg4 fxg4+ 30. Kxg4 exd6 31. Rxh7 Nd3 32. a4 Ne5+ 33. Kf5 Bg7 34. Bd4 Rd1 35. Bxe5 dxe5 36. Rh4 Rb1 37. b4 Rb2 38. Ke6 Rxf2 39. a5 Rb2 40. a6 Ra2 41. b5 e4 42. Rxe4 Ke8 43. Kd6+ Kd8 44. Kc6 Bf8 45. Kb7 Bc5 46. b6 Rb2 47. Re6 Kd7 48. Rg6 Bd6 49. a7 Ra2 50. Rxd6+ Kxd6 51. a8=Q Rxa8 52. Kxa8 Ke5 53. b7 Ke4 54. b8=Q Kf3 55. Qf4+ Kg2 56. g4 Kh3 57. g5 Kg2 58. g6 Kh1 59. g7 Kg2 60. Qg3+ Kh1 61. Qe1+ Kg2 62. g8=Q+ Kh3 63. Qgg3# 1-0


[Site "https://www.chess.com"]

[Event "Titled Tuesday Blitz May 24 Early 2022"]
[White "Reprintsev, Alexander"]
[Black "Gatterer, Florian"]
[WhiteFideId "14100541"]
[BlackFideId "811688"]
[WhiteElo "2108"]
[BlackElo "2218"]
[Result "1/2-1/2"]
[Round "02"]
[TimeControl "180+1"]
[Date "2022.05.25"]
[WhiteClock "0:01:23"]
[BlackClock "0:02:12"]

1. e4 c5 2. b3 g6 3. Bb2 Nf6 4. e5 Nd5 5. Nc3 Nxc3 6. dxc3 Bg7 7. Qd5 Qc7 8. Nf3 e6 9. Qd6 Qxd6 10. exd6 b6 11. O-O-O Bb7 12. c4 1/2-1/2


[Site "https://www.chess.com"]

[Event "Titled Tuesday Blitz May 24 Early 2022"]
[White "Richter, Nils"]
[Black "Boder, Jan"]
[WhiteFideId "12990809"]
[BlackFideId "16243226"]
[WhiteElo "2243"]
[BlackElo "2064"]
[Result "1-0"]
[Round "02"]
[TimeControl "180+1"]
[Date "2022.05.25"]
[WhiteClock "0:00:12"]
[BlackClock "0:00:04"]

1. c4 e5 2. g3 Nf6 3. Bg2 d5 4. cxd5 Nxd5 5. Nc3 Nb6 6. Nf3 Nc6 7. O-O Be7 8. a3 g5 9. b4 g4 10. Ne1 h5 11. b5 Nd4 12. e3 Ne6 13. a4 Ng5 14. a5 Nc4 15. Qa4 Nd6 16. Nd5 Bd7 17. Rb1 h4 18. Ba3 Nh3+ 19. Kh1 Nxf2+ 20. Rxf2 hxg3 21. Rf1 Rxh2+ 22. Kg1 c6 23. Bxd6 cxd5 24. Bxe5 Be6 25. Bxg3 Rh5 26. b6+ Qd7 27. Qxd7+ Kxd7 28. Nd3 axb6 29. Nf4 Rh7 30. Rxb6 Rxa5 31. Rxb7+ Kd8 32. Nxe6+ fxe6 33. Bc7+ Kc8 34. Bxa5 Kxb7 35. Rb1+ Kc6 36. Bc3 Bc5 37. Be5 Rh6 38. Rb8 Rh5 39. Rc8+ Kd7 40. Rxc5 Rxe5 41. Ra5 Kd6 42. Kf2 Ke7 43. Kg3 Rf5 44. Ra7+ Kf6 45. Ra2 Rg5 46. Kf4 Rg7 47. Ra8 e5+ 48. Kg3 e4 49. Ra6+ Ke5 50. Bf1 Rg8 51. Bb5 Rb8 52. Bd7 Rb2 53. Re6+ Kf5 54. Rb6+ Ke5 55. Rxb2 d4 56. exd4+ Kxd4 57. Kxg4 Kd3 58. Rb3+ Kxd2 59. Bc6 e3 60. Kf3 e2 61. Rb2+ Kd1 62. Rxe2 Kc1 63. Ke3 Kd1 64. Kd3 1-0


[Site "https://www.chess.com"]

[Event "Titled Tuesday Blitz May 24 Early 2022"]
[White "Ronka, Erik"]
[Black "Vittorino, Carlo Giovanni"]
[WhiteFideId "505080"]
[BlackFideId "4401247"]
[WhiteElo "2264"]
[BlackElo "2233"]
[Result "0-1"]
[Round "02"]
[TimeControl "180+1"]
[Date "2022.05.25"]
[WhiteClock "0:00:08"]
[BlackClock "0:00:50"]

1. d4 d5 2. Nc3 Nf6 3. Bf4 c6 4. f3 Qb6 5. Rb1 Bf5 6. g4 Bg6 7. h4 h6 8. h5 Bh7 9. e3 e6 10. Bd3 Bxd3 11. Qxd3 Qa6 12. Nge2 Qxd3 13. cxd3 Bb4 14. a3 Ba5 15. b4 Bd8 16. b5 Bb6 17. a4 Nbd7 18. Kd2 Ke7 19. Nc1 c5 20. dxc5 Nxc5 21. d4 Ncd7 22. Nb3 Rhc8 23. Rhc1 Bc7 24. Kd3 Bxf4 25. exf4 Ne8 26. Na2 Nd6 27. Nb4 Rxc1 28. Rxc1 Rc8 29. Rxc8 Nxc8 30. Nc5 Nd6 31. Kc3 g6 32. Nbd3 gxh5 33. gxh5 Nf6 34. Kb4 Nxh5 35. a5 Ng3 36. a6 b6 37. Na4 Nc8 38. Ne5 h5 39. Nc6+ Kd6 40. Nxa7 Nxa7 41. Nxb6 h4 42. Na4 h3 43. b6 Nc6+ 44. Kb5 h2 45. a7 h1=Q 46. a8=Q Qf1# 0-1


[Site "https://www.chess.com"]

[Event "Titled Tuesday Blitz May 24 Early 2022"]
[White "Rustemov, Alexander"]
[Black "Gurevich, Dmitry"]
[WhiteFideId "4119002"]
[BlackFideId "2000407"]
[WhiteElo "2834"]
[BlackElo "2506"]
[Result "1-0"]
[Round "02"]
[TimeControl "180+1"]
[Date "2022.05.24"]
[WhiteClock "0:00:27"]
[BlackClock "0:00:17"]

1. Nf3 Nf6 2. c4 e6 3. Nc3 d5 4. d4 Be7 5. Bg5 h6 6. Bh4 O-O 7. e3 b6 8. Rc1 Bb7 9. Bxf6 Bxf6 10. cxd5 exd5 11. g3 Nd7 12. Bg2 c6 13. O-O Re8 14. Qd3 c5 15. Rfd1 c4 16. Qc2 a6 17. a4 Bc6 18. Ne5 Nxe5 19. dxe5 Rxe5 20. Rd2 Ra7 21. Rcd1 Rd7 22. h4 b5 23. axb5 axb5 24. Ne2 b4 25. Nd4 Bb7 26. Qa4 Be7 27. Nc6 Bxc6 28. Qxc6 Qc7 29. Qxc7 Rxc7 30. Bxd5 c3 31. bxc3 bxc3 32. Rc2 Bb4 33. Rd4 Ba3 34. e4 Bb2 35. Kg2 Kf8 36. f4 Re8 37. Ra4 Rb8 38. h5 f6 39. Kf3 Ke7 40. Kg4 Kd6 41. Kf5 Rb5 42. Kg6 Rbc5 43. Ra6+ Ke7 44. Kxg7 Rd7 45. Rxf6 Rdxd5 46. exd5 Rxd5 47. Rc6 Rd3 48. g4 Rg3 49. Rg6 Rd3 50. f5 Rd2 51. f6+ 1-0


[Site "https://www.chess.com"]

[Event "Titled Tuesday Blitz May 24 Early 2022"]
[White "Sailer, Mike"]
[Black "Ajay Krishna, S"]
[WhiteFideId "2012901"]
[BlackFideId "5096430"]
[WhiteElo "2109"]
[BlackElo "2247"]
[Result "1-0"]
[Round "02"]
[TimeControl "180+1"]
[Date "2022.05.25"]
[WhiteClock "0:00:10"]
[BlackClock "0:00:13"]

1. d4 d5 2. Nf3 e6 3. Bf4 c5 4. e3 Nc6 5. Nc3 Bd6 6. Bxd6 Qxd6 7. Nb5 Qe7 8. dxc5 Nf6 9. Nd6+ Kf8 10. a3 Bd7 11. b4 b6 12. Bb5 bxc5 13. bxc5 Nb8 14. a4 a6 15. Bd3 Qd8 16. Qd2 Qc7 17. Ne5 Be8 18. Qb4 a5 19. Qb6 Qxb6 20. cxb6 Ke7 21. b7 Ra6 22. Nc8+ Kd8 23. Bxa6 Nxa6 24. O-O Kc7 25. Rfb1 Nb8 26. Na7 Bc6 27. Naxc6 Nxc6 28. Nxc6 Kxc6 29. b8=Q Rxb8 30. Rxb8 Nd7 31. Rh8 h6 32. Rh7 g5 33. Rxf7 Nc5 34. Rf6 h5 35. Rg6 g4 36. Rh6 Ne4 37. Rxh5 Kc5 38. f3 gxf3 39. gxf3 Nd2 40. Kf2 Kc4 41. Rh8 Kc3 42. Rc8+ Nc4 43. Rxc4+ Kxc4 44. Re1 Kc5 45. h4 Kd6 46. h5 Ke5 47. h6 Kf6 48. Rg1 Kf7 49. h7 Kf6 50. h8=Q+ Ke7 51. Rg7+ Kd6 52. Qb8+ Kc5 53. Rc7+ Kd6 54. Rc4+ Ke7 55. Qb7+ Kf6 56. Rf4+ Ke5 57. Qc7# 1-0


[Site "https://www.chess.com"]

[Event "Titled Tuesday Blitz May 24 Early 2022"]
[White "Samadov, Read"]
[Black "Juhasz, Agoston"]
[WhiteFideId "13417444"]
[BlackFideId "778346"]
[WhiteElo "2084"]
[BlackElo "2211"]
[Result "1-0"]
[Round "02"]
[TimeControl "180+1"]
[Date "2022.05.25"]
[WhiteClock "0:01:34"]
[BlackClock "0:00:49"]

1. d4 Nf6 2. c4 e6 3. Nf3 b6 4. a3 Bb7 5. Nc3 d5 6. cxd5 exd5 7. Bg5 Nbd7 8. g3 h6 9. Bf4 g5 10. Bc1 Bg7 11. Bg2 O-O 12. O-O Qe7 13. b4 Ne4 14. Bb2 f5 15. Rc1 c6 16. b5 Rac8 17. bxc6 Bxc6 18. Ne5 Nxe5 19. dxe5 Qxe5 20. Nxe4 Qxb2 21. Nd6 Qd4 22. Nxc8 Rxc8 23. Qxd4 Bxd4 24. Rxc6 1-0


[Site "https://www.chess.com"]